 Dungeon Crawl Stone Soup version 0.30-a0-360-g447f08457e (webtiles) character file.

Game seed: 8567553189442508952

179 avis the Chiller (level 5, 0/41 HPs)
             Began as a Demigod Ice Elementalist on Nov 13, 2022.
             Slain by a gnoll
             ... wielding a +0 whip
              (4 damage)
             ... on level 4 of the Dungeon on Nov 14, 2022.
             The game lasted 00:18:25 (2937 turns).

avis the Chiller (Demigod Ice Elementalist)         Turns: 2937, Time: 00:18:29

Health: 0/41       AC:  9    Str:  9    XL:     5   Next: 10%
Magic:  5/12       EV: 12    Int: 17    God:
Gold:   158        SH:  0    Dex: 18    Spells: 3/10 levels left

rFire   + . .      SeeInvis .    a - +0 short sword (drain)
rCold   + . .      Faith    .    (no shield)
rNeg    . . .      Spirit   .    f - +0 robe
rPois   .          Reflect  .    (no helmet)
rElec   .          Harm     .    t - scarf {rC+ rF+}
rCorr   .          Rampage  .    p - +0 pair of gloves
Will    .....                    (no boots)
Stlth   +.........               (no amulet)
HPRegen 0.26/turn                (no ring)
MPRegen 0.13/turn                (no ring)

@: confused, brilliant, ice-armoured
A: high MP 1, forlorn, divine attributes
a: no special abilities


You were on level 4 of the Dungeon.
You visited 1 branch of the dungeon, and saw 4 of its levels.

You collected 158 gold pieces.

Inventory:

Hand Weapons
 a - a +0 short sword of draining (weapon)
 k - a +0 short sword
Missiles
 u - 2 throwing nets
 v - 2 boomerangs
 x - 8 poisoned darts
Armour
 e - an orb of energy
 f - a +0 robe (worn)
 p - a +0 pair of gloves (worn)
 t - a scarf of resistance (worn)
Jewellery
 q - an amulet of reflection
Scrolls
 g - 2 scrolls of poison {unknown}
 h - 3 scrolls of identify {unknown}
 i - a scroll of noise {unknown}
 l - a scroll of immolation {unknown}
 o - 3 scrolls of enchant armour {unknown}
 r - a scroll of torment {unknown}
 w - a scroll of enchant weapon {unknown}
Potions
 b - a potion of magic
 c - a potion of degeneration {unknown}
 d - a potion of might {unknown}
 j - a potion of brilliance
 m - a potion of haste {unknown}
 n - 2 potions of heal wounds {unknown}
 s - a potion of berserk rage {unknown}
 z - a potion of resistance {unknown}


   Skills:
 * Level 1.8 Fighting
 - Level 1.7 Dodging
 - Level 1.7 Stealth
 - Level 3.0 Spellcasting
 - Level 5.0 Ice Magic


You had 3 spell levels left.
You knew the following spells:

 Your Spells              Type           Power      Damage    Failure   Level
a - Freeze                Ice            100%       1d10      2%          1
o - Ozocubu's Armour      Ice            29%        N/A       7%          3
r - Frozen Ramparts       Ice            58%        1d9       7%          3

Your spell library contained the following spells:

 Spells                   Type           Power      Damage    Failure   Level
 Slow                     Hex            12%        N/A       17%         1
 Confusing Touch          Hex            3%         N/A       45%         3
 Gell's Gravitas          Tloc           3%         N/A       45%         3
 Teleport Other           Tloc           3%         N/A       45%         3
 Vampiric Draining        Necr           3%         2d6       45%         3
 Summon Ice Beast         Ice/Summ       16%        N/A       52%         4
 Animate Armour           Summ/Erth      6%         N/A       86%         4
 Blade Hands              Tmut           1%         N/A       99%         5
 Dispersal                Tloc           1%         N/A       100%        6
 Iron Shot                Conj/Erth      1%         9d1       100%        6


Dungeon Overview and Level Annotations

Branches:
Dungeon (4/15)
 Temple: D:4-7


Innate Abilities, Weirdness & Mutations

You have an increased reservoir of magic. (+10% MP)
You shall have no god before yourself.
Your divine heritage dramatically boosts your attributes as you level up.


Message History

The wall freezes the orc wizard but does no damage.
The orc wizard casts a spell at you. You resist with some effort.
The gnoll hits you from afar with a +0 spear. x2
Unknown command.
You closely miss the orc wizard.
The orc wizard is heavily wounded.
The wall freezes the orc wizard but does no damage.
The orc wizard hits you with a +0 dagger.
The gnoll misses you.
The wall freezes the gnoll.
The gnoll hits you but does no damage.
Unknown command.
You barely miss the orc wizard.
The orc wizard is heavily wounded.
The wall freezes the orc wizard.
The orc wizard points at you and mumbles some strange words.
You are confused.
The gnoll hits you but does no damage.
The gnoll hits you from afar with a +0 spear.
The gnoll hits you with a +0 whip.
Your icy armour and frozen ramparts will break if you move.
Continue?
Okay, then.
Your icy armour and frozen ramparts will break if you move.
Continue?
Okay, then.
Your icy armour and frozen ramparts will break if you move.
Continue?
Okay, then.
The wall freezes the orc wizard but does no damage.
The orc wizard hits you with a +0 dagger.
The gnoll misses you.
The wall freezes the gnoll.
The gnoll barely misses you.
The gnoll hits you from afar with a +0 spear.
* * * LOW HITPOINT WARNING * * *
The gnoll hits you but does no damage.
It was a potion of brilliance.
You feel clever all of a sudden.
The frozen ramparts melt away.
The orc wizard points at you and mumbles some strange words.
The magic dart hits you.
* * * LOW HITPOINT WARNING * * *
The gnoll hits you with a +0 whip.
You die...

##..............
#.S....##....$#
#o.....##.....#
....o......##.....#
...........##.....#
...$#......##..<..#
...##......##..gg.###
... #.(....##..g....#
.. ###..#.##..g@.#.#
. .##.#####o## # #.)
###. .. .. ... ..#


You could see an orc wizard (very drained) and 4 gnolls.

Vanquished Creatures
  An orc wizard (D:3)
  4 gnolls (D:3)
  2 adders (D:2)
  2 dart slugs (D:1)
  7 orcs
  8 endoplasms
  3 giant cockroaches
  7 hobgoblins
  8 jackals
  10 ball pythons
  7 bats
  5 frilled lizards
  9 goblins
  3 kobolds
  5 rats (D:1)
81 creatures vanquished.

Notes
Turn   | Place    | Note
-------+----------+-------------------------------------------
     0 | D:1      | avis the Demigod Ice Elementalist began the quest for the
                  | Orb.
     0 | D:1      | Reached XP level 1. HP: 14/14 MP: 5/5
   195 | D:1      | Reached skill level 4 in Ice Magic
   211 | D:1      | Reached XP level 2. HP: 20/20 MP: 0/7
   707 | D:1      | Reached XP level 3. HP: 22/26 MP: 7/9
   713 | D:1      | Learned a level 3 spell: Frozen Ramparts
   717 | D:1      | Learned a level 3 spell: Ozocubu's Armour
   764 | D:1      | You fall into a shaft and drop 1 floor!
  1112 | D:1      | Reached skill level 1 in Fighting
  1944 | D:3      | Reached XP level 4. HP: 32/35 MP: 6/11
  2165 | D:3      | Reached skill level 5 in Ice Magic
  2165 | D:3      | Reached XP level 5. HP: 40/40 MP: 5/12
  2937 | D:4      | Slain by a gnoll

Illustrated notes

Levels and vault maps discovered:
D:1:      dpeg_arrival_pond, layout_rooms
D:2:      layout_loops_cross, corexii_corridor_pit, minmay_pentomino_w2
D:3:      layout_loops_ring
D:4:      layout_rooms, kennysheep_small_circle

Skill      XL: |  1  2  3  4 |
---------------+-------------+-----
Ice Magic      | 4 5 |  5.0
Spellcasting   | 2 3 |  3.0
Fighting       | 1 |  1.8
Dodging        | |  1.7
Stealth        | |  1.7

Action                   |  1- 3 |  4- 6 || total
-------------------------+-------+-------++-------
Melee: Unarmed           |     3 |       ||     3
       Short sword       |    31 |    30 ||    61
       Punch             |     1 |     1 ||     2
 Cast: Freeze            |    71 |     2 ||    73
       Ozocubu's Armour  |       |     5 ||     5
       Frozen Ramparts   |       |    10 ||    10
  Use: Potion            |       |     1 ||     1
 Stab: Sleeping          |     8 |     1 ||     9
Armor: Robe              |    14 |    13 ||    27
Dodge: Dodged            |    55 |    27 ||    82

Table legend: (Time is in decaauts)
 A = Elapsed time spent in this place.
 B = Non-inter-level travel time spent in this place.
 C = Inter-level travel time spent in this place.
 D = Time resting spent in this place.
 E = Time spent auto-exploring this place.
 F = Levels seen in this place.
 G = Mean time per level.
                   A        B        C        D        E       F      G
               +--------+--------+--------+--------+--------+-----+--------+
         Total |   2938 |   2651 |    287 |    698 |   1282 |   4 |  734.5 |
       Dungeon |   2938 |   2651 |    287 |    698 |   1282 |   4 |  734.5 |
               +--------+--------+--------+--------+--------+-----+--------+

Top non-repeatable levels by time:
     D:3: 1050 daAuts
     D:1: 1044 daAuts
     D:2: 810 daAuts
     D:4: 33 daAuts
